 Dungeon Crawl Stone Soup version 0.23-a0-703-gdf2d5e0dd9 (webtiles) character file.

74 Flugkiller the Grave Robber (level 4, 0/24 HPs)
             Began as a Kobold Necromancer on Jan 14, 2019.
             Slain by a kobold
             ... wielding a cursed -3 short sword
              (2 damage)
             ... on level 2 of the Dungeon.
             The game lasted 00:05:40 (2123 turns).

Flugkiller the Grave Robber (Kobold Necromancer)    Turns: 2123, Time: 00:05:41

Health: 0/24       AC:  5    Str:  5    XL:     4   Next: 52%
Magic:  0/8        EV: 15    Int: 16    God:
Gold:   84         SH:  0    Dex: 16    Spells: 4/9 levels left

rFire    . . .     SeeInvis .   h - +0 dagger
rCold    . . .     Gourm    .   (shield restricted)
rNeg     . . .     Faith    .   a - +0 robe
rPois    .         Spirit   .   m - +0 hat
rElec    .         Reflect  .   (no cloak)
rCorr    .         Harm     .   (no gloves)
MR       .....                  u - +2 pair of boots
Stlth    ++........             (no amulet)
HPRegen  0.08/turn              (no ring)
MPRegen  0.11/turn              (no ring)

@: lethally poisoned (0 -> -8), very slightly contaminated
A: small, carnivore
a: no special abilities


You were on level 2 of the Dungeon.
You were completely stuffed.

You visited 1 branch of the dungeon, and saw 2 of its levels.

You collected 84 gold pieces.

Inventory:

Hand Weapons
 h - a +0 dagger (weapon)
   (You took it off a goblin on level 1 of the Dungeon)
Missiles
 b - 43 bolts
 o - 19 stones (quivered)
Armour
 a - a +0 robe (worn)
 m - a +0 hat (worn)
   (You found it on level 2 of the Dungeon)
 u - a +2 pair of boots (worn)
   (You found it on level 2 of the Dungeon)
Jewellery
 d - an uncursed ring of fire {unknown}
   (You found it on level 1 of the Dungeon)
Scrolls
 f - a scroll of noise {unknown}
 i - 3 scrolls of identify
 j - a scroll of remove curse {unknown}
 k - a scroll of amnesia {unknown}
 n - a scroll of enchant weapon {unknown}
 q - a scroll of magic mapping
 s - a scroll of fear {unknown}
Potions
 e - a potion of berserk rage
 g - a potion of resistance {unknown}
 l - a potion of flight {unknown}
 p - a potion of curing {unknown}
 t - a potion of mutation {unknown}
Comestibles
 c - 3 rations
 r - 9 chunks of flesh


   Skills:
 - Level 2.4 Dodging
 - Level 2.6 Stealth
 - Level 3.0 Spellcasting
 + Level 5.3 Necromancy


You had 4 spell levels left.
You knew the following spells:

 Your Spells              Type           Power        Failure   Level  Hunger
a - Pain                  Necr           ###.         2%          1    #......
b - Animate Skeleton      Necr           N/A          2%          1    #......
c - Vampiric Draining     Necr           ###.......   6%          3    ###....

Your spell library contained the following spells:

 Spells                   Type           Power        Failure   Level  Hunger
 Regeneration             Chrm/Necr      ##........   19%         3    ###....
 Animate Dead             Necr           N/A          22%         4    #####..


Dungeon Overview and Level Annotations

Branches:
Dungeon (2/15)

Altars:
Dithmenos
Qazlal


Innate Abilities, Weirdness & Mutations

You are small and have problems with some larger weapons.
You are carnivorous and can eat meat at any time.


Message History

Press: ? - help, v - describe, . - travel
Here: a kobold, wielding a -3 short sword The floor.
Unknown command.
The adder closely misses you.
Your hobgoblin skeleton barely misses the adder.
Unknown command.
You feel sick. The adder closely misses you.
Your hobgoblin skeleton misses the adder.
Unknown command.
Casting: Pain (safe; 2% risk of failure)
Confirm with . or Enter, or press ? or * to list all spells.
Aiming: Pain (safe; 2% risk of failure)
Press: ? - help, Shift-Dir - straight line, f/p - adder
Aim: an adder (lightly wounded, chance to defeat MR: 84%)
The adder writhes in agony!
The adder bites your hobgoblin skeleton.
The adder bites you but does no damage. The kobold hits you but does no damage.
The adder bites your hobgoblin skeleton.
Casting: Pain (safe; 2% risk of failure)
Confirm with . or Enter, or press ? or * to list all spells.
Aiming: Pain (safe; 2% risk of failure)
Press: ? - help, Shift-Dir - straight line, f/p - adder
Aim: an adder (heavily wounded, chance to defeat MR: 84%)
The adder writhes in agony!
You feel sick. The adder bites you.
* * * LOW HITPOINT WARNING * * *
You are lethally poisoned!
The adder poisons you!
Your hobgoblin skeleton hits the adder but does no damage.
The adder bites your hobgoblin skeleton.
Your hobgoblin skeleton is destroyed!
The kobold barely misses you.
The adder hisses angrily.
Casting: Pain (safe; 2% risk of failure)
Confirm with . or Enter, or press ? or * to list all spells.
Aiming: Vampiric Draining (safe; 6% risk of failure)
Press: ? - help, Shift-Dir - straight line, f/p - adder
Aim: an adder (severely wounded)
You miscast Vampiric Draining.
You are very lightly contaminated with residual magic.
Nothing appears to happen.
The adder barely misses you. The kobold closely misses you.
The adder bites you.
* * * LOW HITPOINT WARNING * * *
As you read the scroll labeled WUQEPUSEWN, it crumbles to dust.
You feel aware of your surroundings.
It was a scroll of magic mapping.
* * * LOW HITPOINT WARNING * * *
You feel sick. The adder completely misses you. The adder bites you.
* * * LOW HITPOINT WARNING * * *
The kobold hits you with a cursed -3 short sword.
You die...

******#####.*#.# *,,,,,,****
**,,,,,#.....##.# *,,,,,,,,,,
*,,,,,<.......#.# *####,,*,,,,**,
,,,,............# *...,,***,,,,,,
,,,,............#*#.#*,,***,,**,,
,,,,............##..##*,.#.,***,,
,,,,.....[...........##.....##.,*
,,,,..........(SSK.............,,
*,,,..........##@..##.........#*,
**,,,,,#.....#*#..####..._...##**
******####.####...##.........#*,
#...##...............,,
#####.#####..##.....#*,,,
#........Z.)###..#,,##*,.
########Z...##..##*..##.#
##.......###......
#........#..#***#


You could see 2 adders and a kobold.

Vanquished Creatures
  An adder (D:2)
  An ooze (D:2)
  An adder skeleton (D:2)
  A leopard gecko (D:2)
  10 bats
  A giant cockroach (D:1)
  4 goblins
  5 hobgoblins
  4 jackals
  A quokka (D:2)
  3 ball pythons
  5 frilled lizards
  6 kobolds
  3 rats (D:1)
46 creatures vanquished.

Vanquished Creatures (collateral kills)
  An adder (D:2)
  A giant cockroach (D:2)
  A jackal (D:2)
3 creatures vanquished.

Grand Total: 49 creatures vanquished

Notes
Turn   | Place    | Note
-------+----------+-------------------------------------------
     0 | D:1      | Flugkiller the Kobold Necromancer began the quest for the
                  | Orb.
     0 | D:1      | Reached XP level 1. HP: 10/10 MP: 3/3
   340 | D:1      | Reached XP level 2. HP: 15/15 MP: 3/5
   732 | D:1      | Reached XP level 3. HP: 13/19 MP: 2/7
  1019 | D:1      | Learned a level 1 spell: Animate Skeleton
  1023 | D:1      | Learned a level 3 spell: Vampiric Draining
  1827 | D:2      | Noticed an air elemental
  1833 | D:2      | Found a stormy altar of Qazlal.
  1835 | D:2      | Noticed a fire elemental
  1839 | D:2      | Noticed an earth elemental
  1851 | D:2      | Reached skill level 5 in Necromancy
  1851 | D:2      | Reached XP level 4. HP: 21/24 MP: 3/8
  1966 | D:2      | Noticed a water elemental
  2030 | D:2      | Found a shadowy altar of Dithmenos.
  2123 | D:2      | Slain by a kobold

Vault maps used:
D:1:      dpeg_arrival_solitude
D:2:      nicolae_qazlal_style_of_elements, nicolae_dithmenos_shadow_blocks

Skill      XL: |  1  2  3 |
---------------+----------+-----
Spellcasting   | 3 |  3.0
Necromancy     | 5 |  5.3
Dodging        | |  2.4
Stealth        | |  2.6

Action                   |  1- 3 |  4- 6 || total
-------------------------+-------+-------++-------
Melee: Unarmed           |     1 |       ||     1
       Dagger            |    12 |     6 ||    18
 Cast: Pain              |    64 |    26 ||    90
       Animate Skeleton  |     3 |     3 ||     6
  Use: Scroll            |       |     2 ||     2
  Eat: Chunk             |    11 |     1 ||    12
Armor: Robe              |     6 |     4 ||    10
Dodge: Dodged            |    29 |    23 ||    52

Table legend:
 A = Non-vault XP
 B = Vault XP
 C = Vault XP percentage of total XP
 D = Non-vault monster count
 E = Vault monster count
 F = Vault count percentage of total count
                 A         B        C        D         E       F
            +---------+---------+-------+---------+---------+-------
      Total |     106 |       0 |   0.0 |      49 |       0 |   0.0
            +---------+---------+-------+---------+---------+-------
        D:1 |      38 |       0 |   0.0 |      25 |       0 |   0.0
        D:2 |      68 |       0 |   0.0 |      24 |       0 |   0.0
            +---------+---------+-------+---------+---------+-------
